 Dungeon Crawl Stone Soup version 0.28-a0-1292-gb4563b27b3 (webtiles) character file.

Game seed: 8428936497146963808

134312 HessuHobo the Warrior (level 16, -8/146 HPs)
             Began as a Demonspawn Berserker on Dec 27, 2021.
             Was a High Priest of Trog.
             Mangled by a pharaoh ant (11 damage)
             ... on level 2 of the Spider Nest.
             The game lasted 01:12:37 (47398 turns).

HessuHobo the Warrior (Demonspawn Berserker)       Turns: 47398, Time: 01:12:37

Health: -8/146     AC: 26    Str: 24    XL:     16   Next: 61%
Magic:  16/16      EV:  7    Int: 11    God:    Trog [*****.]
Gold:   1692       SH:  0    Dex: 12    Spells: 15/15 levels left

rFire   . . .      SeeInvis +   a - +8 glaive (venom)
rCold   . . .      Faith    .   (shield currently unavailable)
rNeg    . . .      Spirit   .   O - +0 scale mail of the Bagpipe {Rampage rPois rCorr Slay+4}
rPois   +          Reflect  .   m - +0 helmet
rElec   .          Harm     .   Z - +2 cloak
rCorr   +          Rampage  +   y - +2 pair of gloves
Will    ++...                   t - +0 pair of boots
Stlth   +.........              B - amulet of the acrobat
HPRegen 0.34/turn               N - +4 ring of slaying
MPRegen 0.15/turn               x - ring of see invisible

@: mighty, about to teleport, held
A: claws 1, yellow scales 3, icemail 1, powered by pain 1, torment resistance 1,
condensation shield, demonic willpower, screaming 1
a: Renounce Religion, Berserk, Trog's Hand, Brothers in Arms


You were on level 2 of the Spider Nest.
You worshipped Trog.
Trog was extremely pleased with you.
You visited 4 branches of the dungeon, and saw 25 of its levels.
You also visited: Ice Cave.

You collected 1746 gold pieces.
You spent 54 gold pieces at shops.

Inventory:

Hand Weapons
 a - a +8 glaive of venom (weapon)
 b - a +3 hand crossbow
 E - a +1 war axe of flaming
 W - a +2 glaive of flaming
Missiles
 D - 144 bolts (quivered)
 M - a throwing net
Armour
 l - a +3 plate armour of willpower
 m - a +0 helmet (worn)
 t - a +0 pair of boots (worn)
 y - a +2 pair of gloves (worn)
 F - a +2 tower shield
 O - the +0 scale mail of the Bagpipe (worn) {Rampage rPois rCorr Slay+4}
   (You found it on level 10 of the Dungeon)

   Slay:      It affects your accuracy & damage with ranged weapons and melee
   (+4).
   rPois:     It protects you from poison.
   rCorr:     It protects you from acid and corrosion.
   Rampage:   It bestows one free step when moving towards enemies.
 R - a +0 buckler
 Z - a +2 cloak (worn)
Jewellery
 x - a ring of see invisible (right hand)
 B - an amulet of the acrobat (around neck)
 N - a +4 ring of slaying (left hand)
 T - an amulet of magic regeneration
Wands
 c - a wand of flame (40)
 g - a wand of paralysis (6)
 n - a wand of iceblast (10)
 w - a wand of mindburst (57)
 P - a wand of charming (14)
 U - a wand of polymorph (6)
Scrolls
 e - 3 scrolls of immolation
 h - 13 scrolls of teleportation
 k - 2 scrolls of enchant armour
 q - 3 scrolls of magic mapping
 u - 2 scrolls of vulnerability
 A - 3 scrolls of brand weapon
 C - a scroll of fear {unknown}
 J - a scroll of acquirement {unknown}
 L - 4 scrolls of fog
 S - 2 scrolls of holy word {unknown}
 V - a scroll of blinking {unknown}
Potions
 d - 3 potions of curing
 f - 3 potions of flight
 i - 2 potions of lignification
 j - 3 potions of heal wounds
 o - 2 potions of haste {unknown}
 p - 4 potions of mutation
 r - a potion of magic {unknown}
 s - 4 potions of resistance
 v - 6 potions of might
 H - 2 potions of berserk rage {unknown}
 I - 2 potions of invisibility {unknown}
 K - a potion of attraction {unknown}
 Q - 2 potions of ambrosia {unknown}
Miscellaneous
 z - a tin of tremorstones (2/2)
 G - a tin of tremorstones (2/2)
 Y - a phial of floods


   Skills:
 * Level 19.3 Fighting
 - Level 14.0 Polearms
 - Level 10.0 Crossbows
 - Level 10.0 Armour
 + Level 7.4 Dodging
 - Level 4.0 Stealth
 + Level 7.7 Evocations


You had 15 spell levels left.
You didn't know any spells.
Your spell library was empty.

Dungeon Overview and Level Annotations

Branches:
Dungeon (15/15)            Temple (1/1) D:4            Lair (6/6) D:10
  Swamp (0/4) Lair:2       Spider (3/4) Lair:2        Slime (0/5) Lair:6
    Orc (0/2) D:10         Vaults (0/5) D:14         Depths (0/4) D:15
  IceCv (visited)

Altars:
Elyvilon
Okawaru
Ru
Uskayaw
Wu Jian
Yredelemnul
Lugonu

Shops:
D:1 ?   D:5 :   D:6 :   D:8 [

Portals:
Abyss: Lair:6

Annotations:
D:14 exclusion: 2 downstairs
Lair:4 exclusion: downstairs
Spider:2 3 runed translucent doors, Vive's ghost, adept GrEE; Vuor's ghost, adept DjTm


Innate Abilities, Weirdness & Mutations

You have sharp fingernails.
You are completely covered in yellow scales. (AC +4, rCorr)
A meltable icy envelope protects you from harm. (AC +4)
You sometimes gain a little power by taking damage.
You are resistant to unholy torment.
A meltable shield of frost defends you. (SH +4)
You punish those that try to bend your will. (Will+)
You occasionally shout uncontrollably at your foes.


Message History

You feel much better. The wolf spider barely misses you.
The wolf spider bites you but does no damage.
The demonic crawler hits you! The demonic crawler misses you.
You block the demonic crawler's attack. You block the entropy weaver's attack.
The entropy weaver hits you but does no damage. x3
The jumping spider pounces on you!
You are caught in a web!
The jumping spider bites you but does no damage.
The redback bites you but does no damage.
The pharaoh ant closely misses you. The wolf spider hits you!
* * * LOW HITPOINT WARNING * * *
The wolf spider bites you but does no damage.
The demonic crawler shrieks in warning!
The entropy weaver hits you!
* * * LOW HITPOINT WARNING * * *
The entropy weaver hits you but does no damage. x2
The entropy weaver misses you.
As you read the scroll of teleportation, it crumbles to dust.
You feel strangely unstable. The redback bites you!
* * * LOW HITPOINT WARNING * * *
The jumping spider pounces on you but does no damage.
The jumping spider bites you.
* * * LOW HITPOINT WARNING * * *
The pharaoh ant bites you but does no damage.
The wolf spider hits you.
* * * LOW HITPOINT WARNING * * *
The wolf spider bites you but does no damage.
The demonic crawler hits you.
* * * LOW HITPOINT WARNING * * *
The demonic crawler barely misses you.
The demonic crawler hits you but does no damage.
The entropy weaver hits you but does no damage. x2
The entropy weaver hits you.
* * * LOW HITPOINT WARNING * * *
The entropy weaver hits you but does no damage.
The jumping spider pounces on you but does no damage.
The jumping spider bites you but does no damage.
The redback bites you.
* * * LOW HITPOINT WARNING * * *
The pharaoh ant bites you!
You die...

#.....<...........^......
#.........^....#.).......
####...#.....^..#.#.#######.
#.)................##/♣⌠♣!##
##....^^.....#...^.##8.....8#
#..................#!........
###.....^.###.......#♣.......♣
###.##........sBs....##⌠.......⌠
#..#..#.......s@B....##♣W......♣
#.....^.....^.s..#....####+++###
##.....########.................
##......#.#.#)#.(...........(...
##......#.#.#.##.^^.^............
#.....#.##.#.#.#.................
........#.#.#.##...#..<....###...
#.......##.#.#.#....#............
........#.#^#.#..................


You could see an entropy weaver, a demonic crawler (catching breath), a wolf
spider, a pharaoh ant, a jumping spider and a redback.

Vanquished Creatures
  Kirke (D:14)
  A ghost moth (Spider:1)
  An emperor scorpion (Spider:1)
  The ghost of DoubleLucky the Grappler, a journeyman TrFi of Qazlal (Lair:4)
  A juggernaut skeleton (D:15)
  A dire elephant (Lair:1)
  4 vault guards (D:14)
  10 hydras
  5 boulder beetles
  2 radroaches (Lair:2)
  2 death knights (D:15)
  3 two-headed ogres
  5 centaur warriors
  7 death yaks
  2 tengu warriors (D:14)
  3 thrashing horrors (Lair:6)
  Urug (D:11)
  3 deep elf knights (D:14)
  2 pharaoh ants (Spider:1)
  A sun moth (Spider:1)
  7 skeletal warriors
  A glowing orange brain (shapeshifter) (D:13)
  2 orb spiders (Spider:1)
  A steelbarb worm (Spider:1)
  3 deep elf archers
  A flayed ghost (D:15)
  A lindwurm (Lair:3)
  A swamp dragon (Lair:2)
  A tengu zombie (D:15)
  A phantasmal warrior (D:15)
  14 ugly things
  A deep elf zephyrmancer (D:14)
  A wizard (D:14)
  3 necromancers
  2 deep elf pyromancers
  An orc knight (D:15)
  A cyclops (D:15)
  5 wolf spiders
  4 manticores
  Maurice (D:12)
  2 black mambas
  25 cane toads
  A centaur zombie (D:11)
  7 elephants
  3 torpor snails
  Maggie (Lair:1)
  A stone giant skeleton (D:15)
  4 gargoyles
  3 smoke demons (Lair:6)
  6 demonic crawlers
  15 komodo dragons
  Psyche (D:8)
  7 kobold demonologists
  2 rime drakes
  An efreet (D:14)
  2 ancient zymes (Lair:6)
  A merfolk (D:14)
  6 trolls
  9 meliai
  A hornet (D:4)
  5 polar bears
  A queen bee (Lair:3)
  31 blink frogs
  20 tarantellas
  Grinder (D:3)
  12 slime creatures
  11 jumping spiders
  5 water elementals
  A shadow (D:11)
  9 culicivoras
  A spriggan (shapeshifter) (D:14)
  A spriggan (Lair:6)
  A vampire (D:11)
  2 ynoxinuls (Lair:6)
  70 yaks
  4 wraiths
  2 steam dragons
  Grum (D:11)
  3 hogs (D:14)
  6 wyverns
  A basilisk (shapeshifter) (D:14)
  16 humans (D:14)
  2 large abominations (Lair:6)
  18 redbacks
  6 basilisks
  2 chaos spawn (Lair:6)
  2 vampire mosquitoes (Spider:1)
  3 wargs
  2 acid dragons
  17 water moccasins
  8 orc warriors
  4 ice beasts
  A necrophage (D:5)
  3 sky beasts
  2 black bears (Lair:1)
  2 ogres
  22 wolves
  15 centaurs
  2 phantoms
  8 kobold brigands
  Blork the orc (D:4)
  10 bullfrogs
  4 scorpions
  A water moccasin skeleton (D:6)
  28 killer bees
  9 small abominations (Lair:6)
  9 wights (D:8)
  3 howler monkeys
  5 electric eels
  A tengu skeleton (D:15)
  A bullfrog zombie (D:6)
  A jelly (D:7)
  A gnoll shaman (D:8)
  3 hounds
  A centaur skeleton (D:4)
  10 orc priests
  A bullfrog skeleton (D:6)
  An iguana (Lair:2)
  10 orc wizards
  35 hell rats
  2 howler monkey zombies
  Robin (D:3)
  7 gnolls
  2 adders
  A river rat (Lair:3)
  A shadow imp (D:7)
  A white imp (D:4)
  An ufetubus (D:6)
  An adder skeleton (D:2)
  An adder zombie (D:2)
  3 worms
  2 dart slugs (D:4)
  38 orcs
  7 bats
  An endoplasm (D:1)
  5 giant cockroaches
  12 goblins
  7 hobgoblins
  4 jackals
  3 quokkas (D:3)
  9 ball pythons
  A frilled lizard (D:1)
  23 kobolds
  7 rats
804 creatures vanquished.

Vanquished Creatures (collateral kills)
  2 orc sorcerers (D:15)
  A wolf (D:11)
  An orc (D:15)
  2 kobolds (D:11)
6 creatures vanquished.

Vanquished Creatures (others)
  A deep elf knight (D:14)
  35 fungi
  59 plants
  7 withered plants (D:15)
102 creatures vanquished.

Grand Total: 912 creatures vanquished

Notes
Turn   | Place    | Note
-------+----------+-------------------------------------------
     0 | D:1      | HessuHobo the Demonspawn Berserker began the quest for the
                  | Orb.
     0 | D:1      | Reached XP level 1. HP: 18/18 MP: 1/1
     0 | D:1      | Noticed a formicid
     2 | D:1      | Noticed a minotaur skeleton
     2 | D:1      | Noticed a ghoul
     6 | D:1      | Noticed a vine stalker
     9 | D:1      | Noticed an ogre
    10 | D:1      | Noticed a minotaur zombie
    18 | D:1      | Noticed a dwarf
    20 | D:1      | Noticed a merfolk
    22 | D:1      | Noticed a merfolk
   415 | D:1      | Found a faded altar of an unknown god.
   485 | D:1      | Gained mutation: You are partially covered in yellow
                  | scales. (AC +2) [demonic ancestry]
   485 | D:1      | Reached XP level 2. HP: 24/24 MP: 2/2
   599 | D:1      | Found Botostrimo's Magic Scroll Emporium.
   918 | D:2      | Reached skill level 1 in Stealth
   934 | D:2      | Gained mutation: A meltable shield of frost defends you.
                  | (SH +4) [demonic ancestry]
   934 | D:2      | Reached XP level 3. HP: 25/29 MP: 3/3
  1335 | D:2      | Reached ** piety under Trog
  2052 | D:2      | Gained mutation: A meltable icy envelope protects you from
                  | harm. (AC +4) [demonic ancestry]
  2052 | D:2      | Reached XP level 4. HP: 22/36 MP: 4/4
  3110 | D:3      | Noticed Grinder
  3124 | D:3      | Killed Grinder
  3125 | D:3      | Reached skill level 4 in Fighting
  3125 | D:3      | Reached XP level 5. HP: 42/42 MP: 5/5
  3125 | D:3      | Reached XP level 6. HP: 48/48 MP: 6/6
  3324 | D:3      | Found a glowing drain.
  3399 | D:3      | Noticed Robin
  3437 | D:3      | Killed Robin
  4649 | D:4      | Reached *** piety under Trog
  4818 | D:4      | Noticed a hornet
  4825 | D:4      | Paralysed by a hornet for 1 turns
  4834 | D:4      | Killed a hornet
  4835 | D:4      | Reached XP level 7. HP: 52/55 MP: 7/7
  5000 | D:4      | Found a staircase to the Ecumenical Temple.
  5336 | D:4      | Noticed Blork the orc
  5343 | D:4      | Killed Blork the orc
  5344 | D:4      | Reached skill level 5 in Fighting
  5523 | D:4      | Found a basalt altar of Yredelemnul.
  5597 | D:5      | Entered Level 5 of the Dungeon
  6169 | D:5      | Reached skill level 5 in Polearms
  6517 | D:5      | Found Biupn's Book Shop.
  6573 | D:5      | Reached XP level 8. HP: 63/63 MP: 8/8
  6599 | D:5      | Identified the +4 leather armour of Ochus {rElec Str-3
                  | SInv}
  7462 | D:6      | Found Keweu's Book Emporium.
  7601 | D:6      | Reached skill level 6 in Fighting
  7601 | D:6      | Reached skill level 5 in Armour
  8962 | D:6      | Reached skill level 7 in Fighting
  8962 | D:6      | Reached XP level 9. HP: 26/72 MP: 9/9
 10765 | D:7      | Found an iron altar of Okawaru.
 10776 | D:7      | Found a sacrificial altar of Ru.
 11019 | Temple   | Entered the Ecumenical Temple
 11574 | D:8      | Reached skill level 1 in Crossbows
 11661 | D:8      | Reached skill level 8 in Fighting
 11667 | D:8      | Reached **** piety under Trog
 11817 | D:8      | Found Gor Puuv's Armour Shoppe.
 11972 | D:8      | Bought a +0 cloak for 54 gold pieces
 12009 | D:8      | Noticed Psyche
 12022 | D:8      | Killed Psyche
 12253 | D:8      | Gained mutation: You are mostly covered in yellow scales.
                  | (AC +3) [demonic ancestry]
 12253 | D:8      | Reached XP level 10. HP: 62/82 MP: 10/10
 12667 | D:9      | Noticed a centaur warrior
 12680 | D:9      | Killed a centaur warrior
 13241 | D:9      | Noticed an eight-headed hydra
 13253 | D:9      | Killed a five-headed hydra
 13254 | D:9      | Reached skill level 9 in Fighting
 13281 | D:9      | Found the +1 robe of Vines {NoPotionHeal Regen++++}
 14065 | D:10     | Entered Level 10 of the Dungeon
 14893 | D:10     | Gained mutation: You have sharp fingernails. [demonic
                  | ancestry]
 14893 | D:10     | Reached XP level 11. HP: 67/89 MP: 11/11
 15101 | D:10     | Noticed a two-headed ogre
 15275 | D:10     | Noticed a two-headed ogre
 15286 | D:10     | Killed a two-headed ogre
 15287 | D:10     | Reached skill level 5 in Crossbows
 15631 | D:10     | Found a staircase to the Orcish Mines.
 15932 | D:10     | Identified the +0 scale mail of the Bagpipe {Rampage rPois
                  | rCorr Slay+4}
 16010 | D:10     | Killed a two-headed ogre
 16117 | D:10     | Found a staircase to the Lair.
 16125 | D:10     | Reached skill level 10 in Fighting
 16867 | D:11     | Noticed Urug
 16899 | D:11     | Killed Urug
 16970 | D:11     | Noticed Grum
 17003 | D:11     | Killed Grum
 17258 | D:11     | Found a frozen archway.
 17286 | IceCv    | Entered an ice cave
 18277 | Lair:1   | Entered Level 1 of the Lair of Beasts
 18691 | Lair:1   | Noticed Maggie
 18780 | Lair:1   | Killed Maggie
 19090 | Lair:1   | Gained mutation: You sometimes gain a little power by
                  | taking damage. [demonic ancestry]
 19090 | Lair:1   | Reached XP level 12. HP: 99/99 MP: 12/12
 19368 | Lair:1   | Reached skill level 10 in Polearms
 19753 | Lair:1   | Reached skill level 11 in Fighting
 19816 | Lair:1   | Reached skill level 10 in Armour
 20162 | Lair:1   | Noticed a dire elephant
 20707 | Lair:1   | Killed a dire elephant
 20932 | Lair:1   | Identified the +1 scale mail "Uptyaj" {Will+ Regen+}
 20997 | Lair:1   | Identified the +7 quarterstaff of Pestilence {freeze, Str+2
                  | SInv}
 21043 | Lair:2   | Found a hole to the Spider Nest.
 21442 | Lair:2   | Reached skill level 12 in Fighting
 21896 | Lair:2   | Found a staircase to the Swamp.
 22164 | Lair:2   | Noticed an eight-headed hydra
 22172 | Lair:2   | Killed a six-headed hydra
 22172 | Lair:2   | Reached ***** piety under Trog
 22173 | Lair:2   | Reached XP level 13. HP: 90/108 MP: 13/13
 22529 | Lair:2   | Identified the +1 ring mail of Yforov {rF+ Will+ Dex-4}
 25256 | Lair:3   | Reached skill level 13 in Fighting
 25539 | Lair:3   | Found a basalt altar of Yredelemnul.
 25989 | Lair:3   | Reached skill level 10 in Crossbows
 27223 | Lair:4   | Received a gift from Trog
 27618 | Lair:4   | You fall into a shaft and drop 2 floors!
 27618 | Lair:6   | Entered Level 6 of the Lair of Beasts
 28188 | Lair:6   | Gained mutation: You are completely covered in yellow
                  | scales. (AC +4, rCorr) [demonic ancestry]
 28188 | Lair:6   | Reached XP level 14. HP: 109/117 MP: 14/14
 28237 | Lair:6   | Reached skill level 14 in Fighting
 28953 | Lair:4   | Found a runed translucent door.
 28964 | Lair:4   | Noticed DoubleLucky's ghost (journeyman TrFi)
 29177 | Lair:4   | Killed DoubleLucky's ghost
 30192 | Lair:5   | Received a gift from Trog
 31065 | Lair:6   | Found a staircase to the Slime Pits.
 31414 | Lair:6   | Reached skill level 15 in Fighting
 32524 | Lair:6   | Reached skill level 16 in Fighting
 32911 | Lair:6   | Received a gift from Trog
 33495 | Lair:6   | Found a corrupted altar of Lugonu.
 33495 | Lair:6   | Found a one-way gate to the infinite horrors of the Abyss.
 34110 | D:11     | Reached skill level 1 in Evocations
 34583 | D:12     | Gained mutation: You punish those that try to bend your
                  | will. (Will+) [demonic ancestry]
 34583 | D:12     | Reached XP level 15. HP: 123/132 MP: 15/15
 34587 | D:12     | Noticed Maurice
 34604 | D:12     | Killed Maurice
 35264 | D:12     | You fall into a shaft and drop 3 floors!
 35264 | D:15     | Entered Level 15 of the Dungeon
 36068 | D:14     | Reached skill level 17 in Fighting
 36398 | D:14     | Received a gift from Trog
 37369 | D:13     | Found an ornate altar of the Wu Jian Council.
 38808 | D:14     | Noticed Kirke
 38833 | D:14     | Killed Kirke
 38834 | D:14     | Reached skill level 5 in Dodging
 38834 | D:14     | Reached skill level 5 in Evocations
 39288 | D:14     | Found a gate to the Vaults.
 39921 | D:15     | Reached skill level 18 in Fighting
 40588 | D:15     | Received a gift from Trog
 40846 | D:15     | Gained mutation: You are resistant to unholy torment.
                  | [demonic ancestry]
 40846 | D:15     | Reached XP level 16. HP: 75/143 MP: 16/16
 41273 | D:15     | Found a staircase to the Depths.
 42529 | Spider:1 | Entered Level 1 of the Spider Nest
 42887 | Lair:2   | Gained mutation: You occasionally shout uncontrollably at
                  | your foes. [mutagenic glow]
 44243 | Spider:1 | Found a hide-covered altar of Uskayaw.
 44839 | Spider:1 | Reached skill level 19 in Fighting
 47006 | Spider:2 | Found a runed translucent gate.
 47006 | Spider:2 | Found a runed translucent gate.
 47008 | Spider:2 | Found a runed translucent gate.
 47010 | Spider:2 | Noticed Vive's ghost (adept GrEE)
 47011 | Spider:2 | Noticed Vuor's ghost (adept DjTm)
 47398 | Spider:2 | HP: 6/146 [entropy weaver (4)]
 47398 | Spider:2 | Mangled by a pharaoh ant

Illustrated notes

Levels and vault maps discovered:
D:1:      shiori_arrival_whats_in_store_for_you, layout_basic,
          ebering_ecumenical_altar_ruins, serial_shops, shop
D:2:      layout_loops_ring, serial_undead, serial_undead_d, serial_undead_b,
          serial_undead_b, serial_undead_c, uniq_crazy_yiuf_cottage
D:3:      layout_basic, elyvilon_altar_1, portal_sewer_entry_f,
          chequers_serial_rivers_micro_c, uniq_robin, uniq_grinder
D:4:      layout_basic, lemuel_coloured_pillars_altar,
          minmay_temple_entry_junction, uniq_blork_the_orc
D:5:      layout_basic, serial_shops, nicolae_shop_trees
D:6:      nicolae_cairo_tiling_large, layout_cave_pools, serial_shops,
          nicolae_shop_behind_doors, grunt_ministairs_2
D:7:      layout_gridville, minitemple
D:8:      layout_loops_ring, serial_shops, nicolae_diamond_shop, uniq_psyche
D:9:      layout_roguey, hellmonk_guarded_unrand_vines
D:10:     layout_basic, erik_lair_island, david_orc_1_choice
D:11:     layout_grid_maze, portal_ice_cave_entry_pillars_2, uniq_grum,
          uniq_urug
D:12:     layout_grid_maze, drop_trap, minmay_misc_feat_enclosed,
          hangedman_decor_points, uniq_maurice
D:13:     layout_basic, nicolae_wu_jian_glorious_leap
D:14:     layout_rooms, grunt_vaults_entry_tiered, minmay_misc_feat_rows,
          st_stairs_7, grunt_ministairs_5, nicolae_underground_beach, uniq_kirke
D:15:     gammafunk_depths_entry_grave, layout_basic, palyth_stone_intersect,
          serial_shops, bzr_entry_dummy
Temple:   compressed_dpeg_circular_temple
Lair:1:   layout_long_grid, nicolae_lair_lakeside_cave, uniq_maggie
Lair:2:   layout_small_grid, minmay_swamp_entry_reptiles,
          spider_nest_entry_rubble, serial_bayou_pond_c,
          chequers_serial_rivers_marsh
Lair:3:   regret_index_tunnel_blossom, layout_chaotic_city,
          chequers_serial_rivers_micro_c, lemuel_centaur_altar
Lair:4:   layout_cave_pods, ebering_ghost_inner_flame
Lair:5:   layout_regular_city
Lair:6:   hellmonk_lair_end_abyssal_woods, layout_hall_layers, slime_dummy,
          chequers_serial_rivers_marsh, grunt_megastairs_1
Spider:1: layout_spider_delve, nicolae_spider_altar_of_dancing
Spider:2: layout_spider_delve, gammafunk_ghost_cemetery,
          hangedman_spider_mandibles, einodemon_crawler_minivault
Spider:3: layout_spider_delve, special_room [special_room_bee]

Skill      XL: |  1  2  3  4  5  6  7  8  9 10 11 12 13 14 15 16 |
---------------+-------------------------------------------------+-----
Armour         | 2 3 4 6 7 8 9 10 | 10.0
Stealth        | 1 2 3 4 |  4.0
Polearms       | 3 4 5 6 7 8 9 11 12 14 | 14.0
Fighting       | 4 5 7 8 9 10 12 13 16 18 19 | 19.3
Crossbows      | 2 4 6 8 10 | 10.0
Dodging        | 2 5 7 |  7.4
Evocations     | 1 6 7 |  7.7

Action                   |  1- 3 |  4- 6 |  7- 9 | 10-12 | 13-15 | 16-18 || total
-------------------------+-------+-------+-------+-------+-------+-------++-------
Melee: Spear             |   138 |   258 |   378 |       |       |       ||   774
       Trident           |       |       |   321 |   454 |       |       ||   775
       War axe           |       |       |       |     8 |       |       ||     8
       Glaive            |       |       |       |   189 |   852 |   274 ||  1315
 Fire: Hand crossbow     |       |       |     9 |    61 |   464 |   110 ||   644
Invok: Berserk           |       |     2 |     3 |     7 |     3 |     1 ||    16
       Trog's Hand       |       |     1 |     1 |     2 |     7 |     3 ||    14
       Brothers in Arms  |       |       |       |     1 |       |     1 ||     2
Evoke: Wand              |       |       |       |       |     2 |       ||     2
  Use: Scroll            |     3 |       |     6 |     1 |    16 |     3 ||    29
       Potion            |       |       |     1 |       |     1 |     2 ||     4
 Stab: Sleeping          |     3 |       |       |       |       |       ||     3
       Distracted        |       |       |     1 |       |     1 |     1 ||     3
Armor: Animal skin       |     1 |       |       |       |       |       ||     1
       Ring mail         |    13 |       |       |       |       |       ||    13
       Skin              |     1 |       |       |       |       |       ||     1
       Plate armour      |    25 |   172 |   386 |   264 |       |       ||   847
       Scale mail        |       |       |       |   130 |   543 |   336 ||  1009
Dodge: Dodged            |    35 |    66 |   133 |   296 |   535 |   311 ||  1376
Block: Other             |     6 |    45 |    69 |    90 |   169 |    80 ||   459

Table legend: (Time is in decaauts)
 A = Elapsed time spent in this place.
 B = Non-inter-level travel time spent in this place.
 C = Inter-level travel time spent in this place.
 D = Time resting spent in this place.
 E = Time spent auto-exploring this place.
 F = Levels seen in this place.
 G = Mean time per level.
                   A        B        C        D        E       F      G
               +--------+--------+--------+--------+--------+-----+--------+
         Total |  47479 |  45565 |   1914 |  23825 |  14436 |  26 | 1826.1 |
       Dungeon |  26810 |  25508 |   1302 |  12497 |   8847 |  15 | 1787.3 |
        Temple |      1 |      1 |      0 |      0 |      0 |   1 |    1.0 |
          Lair |  16824 |  16243 |    581 |   8925 |   4766 |   6 | 2804.0 |
   Spider Nest |   3838 |   3809 |     29 |   2402 |    823 |   3 | 1279.3 |
      Ice Cave |      3 |      3 |      0 |      0 |      0 |   1 |    3.0 |
               +--------+--------+--------+--------+--------+-----+--------+

Top non-repeatable levels by time:
  Lair:6: 4222 daAuts
  Lair:2: 3866 daAuts
    D:14: 3728 daAuts
  Lair:1: 3424 daAuts
Spider:1: 3022 daAuts
     D:6: 2495 daAuts
    D:10: 2263 daAuts
  Lair:3: 2225 daAuts
    D:15: 2024 daAuts
    D:11: 2011 daAuts
     D:9: 1970 daAuts
     D:5: 1805 daAuts
     D:2: 1750 daAuts
  Lair:4: 1673 daAuts
     D:3: 1539 daAuts
